 Dungeon Crawl Stone Soup version 0.28.0-47-ge53b351184 (webtiles) character file.

Game seed: 10026246080830664207

77 NinjaNoafa the Archer (level 4, -3/34 HPs)
             Began as a Gnoll Wanderer on Apr 25, 2022.
             Killed by nerve-wracking pain
             ... invoked by an orc priest
              (13 damage)
             ... on level 3 of the Dungeon.
             The game lasted 00:03:06 (1404 turns).

NinjaNoafa the Archer (Gnoll Wanderer)              Turns: 1404, Time: 00:03:07

Health: -3/34      AC:  9    Str: 13    XL:     4   Next: 34%
Magic:  8/8        EV: 10    Int: 10    God:
Gold:   55         SH:  0    Dex: 13    Spells: 9/9 levels left

rFire   + . .      SeeInvis .   a - +2 shortbow
rCold   + . .      Faith    .   (shield currently unavailable)
rNeg    . . .      Spirit   .   d - +0 scale mail
rPois   +          Reflect  .   (no helmet)
rElec   +          Harm     .   j - +0 cloak
rCorr   +          Rampage  .   m - +0 pair of gloves
Will    .....                   (no boots)
Stlth   ..........              (no amulet)
HPRegen 0.11/turn               h - ring of resist corrosion
MPRegen 0.11/turn               (no ring)

@: brilliant, resistant
A: fangs 1, strong nose, distributed training
a: no special abilities


You were on level 3 of the Dungeon.
You visited 1 branch of the dungeon, and saw 3 of its levels.

You collected 55 gold pieces.

Inventory:

Hand Weapons
 a - a +2 shortbow (weapon)
 o - a +0 dagger
Missiles
 b - 20 arrows (quivered ammo)
 e - a boomerang of dispersal
Armour
 d - a +0 scale mail (worn)
 j - a +0 cloak (worn)
 m - a +0 pair of gloves (worn)
 n - a +0 buckler
Jewellery
 h - a ring of resist corrosion (left hand)
Scrolls
 f - 3 scrolls of fog


   Skills:
 + Level 2.7 Fighting
 + Level 1.1 Short Blades
 + Level 1.1 Long Blades
 + Level 1.1 Axes
 + Level 1.1 Maces & Flails
 + Level 1.1 Polearms
 + Level 1.1 Staves
 + Level 1.1 Slings
 + Level 8.5 Bows
 + Level 1.1 Crossbows
 + Level 1.1 Throwing
 + Level 4.6 Armour
 + Level 2.7 Dodging
 + Level 1.1 Stealth
 + Level 1.1 Shields
 + Level 2.7 Unarmed Combat
 + Level 3.0 Spellcasting
 + Level 0.8 Conjurations
 + Level 0.8 Hexes
 + Level 0.8 Summonings
 + Level 0.8 Necromancy
 + Level 0.8 Translocations
 + Level 0.8 Transmutations
 + Level 0.8 Fire Magic
 + Level 0.8 Ice Magic
 + Level 0.8 Air Magic
 + Level 0.8 Earth Magic
 + Level 0.8 Poison Magic
 + Level 1.2 Invocations
 + Level 1.1 Evocations


You had 9 spell levels left.
You didn't know any spells.
Your spell library was empty.

Dungeon Overview and Level Annotations

Branches:
Dungeon (3/15)

Altars:
Dithmenos
Ru


Innate Abilities, Weirdness & Mutations

You have very sharp teeth.
Your uncanny sense of smell can sniff out nearby items.
Your experience applies equally to all skills.


Message History

The orc hits you with a +0 flail! The orc closely misses you.
It was a potion of resistance.
You feel protected.
The orc priest hits you with a +0 hand axe.
The orc closely misses you. x2
As you read the scroll labelled HURUAZX XUNAL, it crumbles to dust.
The scroll dissolves into smoke.
It was a scroll of fog.
The orc priest barely misses you. The orc hits you but does no damage. x2
As you read the scroll labelled ZEMA POSSYFOGU, it crumbles to dust.
It is a scroll of identify.
i - a scroll of summoning The orc priest calls down the wrath of Beogh upon you.
Beogh smites you! The orc barely misses you. The orc hits you with a +0 flail.
As you read the scroll of summoning, it crumbles to dust.
Wisps of shadow whirl around you... The orc priest barely misses you.
The orc hits you but does no damage. x2
The orc priest hits you with a +0 hand axe.
* * * LOW HITPOINT WARNING * * *
Your adder bites the orc.
The orc priest begins to cast a cantrip, but forgets the words!
Something barely misses your adder.
Fire: 22 arrows
Press: ? - help, Q - select action, (/) - cycle Shift-Dir - straight line, f - orc, p - orc priest
Aim: an orc, wielding a +0 club (black smoke, heavily wounded, 65% to hit)
Really fire in your rat's direction?
You shoot an arrow. The arrow hits the orc!
You kill the orc!
Your hobgoblin hits the orc priest but does no damage.
Your adder bites the orc priest.
Something barely misses your rat.
Fire: 21 arrows
Press: ? - help, Q - select action, (/) - cycle Shift-Dir - straight line, f - orc priest
Aim: an orc priest, wielding a +0 hand axe and wearing a +0 leather armour (black smoke, moderately wounded, ally target, 65% to hit)
Really fire in your rat's direction?
You shoot an arrow. The arrow hits the orc priest.
The orc priest is severely wounded.
Your adder bites the orc priest but does no damage.
Your rat bites the orc priest but does no damage.
The orc priest mumbles some strange prayers to Beogh against you.
Pain shoots through your body!
You die...

### #. ..# #. #.#
#.##§#########
####..§§§S§§.....
......§@oro########
......§§g§§§.......
######§§§§§§.####.#.
#§§.##)## #.##+#
###..##⌠)⌠ # #.....
#.'..##...# #.#....#
#.#..#._._. #.#.#..#
#.#..###8###
#....... #.#....####
#...#..†


You could see an orc priest (ally target), a friendly adder (summoned), a
friendly hobgoblin (summoned) and a friendly rat (summoned).

Vanquished Creatures
  3 adders
  2 dart slugs (D:2)
  3 orcs (D:3)
  6 ball pythons
  4 endoplasms
  3 giant cockroaches
  2 goblins (D:2)
  4 hobgoblins
  A jackal (D:2)
  2 kobolds (D:2)
  2 quokkas (D:2)
  A bat (D:2)
  6 frilled lizards
  3 rats
42 creatures vanquished.

Notes
Turn   | Place    | Note
-------+----------+-------------------------------------------
     0 | D:1      | NinjaNoafa the Gnoll Wanderer began the quest for the Orb.
     0 | D:1      | NinjaNoafa set off with the following items: a +2 shortbow,
                  | 26 arrows, a potion of curing, a +0 scale mail
     0 | D:1      | Reached XP level 1. HP: 17/17 MP: 4/4
   234 | D:1      | Reached XP level 2. HP: 23/23 MP: 5/5
   669 | D:2      | Found a faded altar of an unknown god.
   859 | D:2      | Reached XP level 3. HP: 24/28 MP: 7/7
   962 | D:2      | Reached skill level 1 in Invocations
  1182 | D:2      | Reached skill level 1 in Short Blades
  1182 | D:2      | Reached skill level 1 in Long Blades
  1182 | D:2      | Reached skill level 1 in Axes
  1182 | D:2      | Reached skill level 1 in Maces & Flails
  1182 | D:2      | Reached skill level 1 in Polearms
  1182 | D:2      | Reached skill level 1 in Staves
  1182 | D:2      | Reached skill level 1 in Slings
  1182 | D:2      | Reached skill level 1 in Crossbows
  1182 | D:2      | Reached skill level 1 in Throwing
  1182 | D:2      | Reached skill level 1 in Stealth
  1182 | D:2      | Reached skill level 1 in Shields
  1182 | D:2      | Reached skill level 1 in Evocations
  1212 | D:2      | Reached XP level 4. HP: 34/34 MP: 8/8
  1382 | D:3      | Found a shadowy altar of Dithmenos.
  1382 | D:3      | Found a sacrificial altar of Ru.
  1404 | D:3      | Killed from afar by an orc priest

Illustrated notes

Levels and vault maps discovered:
D:1:      dpeg_arrival_snail, layout_basic, chequers_arboretum
D:2:      minmay_recursive_quarters, layout_rooms, basic_ecumenical_altar
D:3:      layout_basic, worldfamousw_hep_ancestral_shrine,
          gammafunk_temple_overflow_statue, hangedman_decor_growths,
          serial_park_tiny_pond, uniq_sigmund, uniq_terence

Skill      XL: |  1  2  3  4 |
---------------+-------------+-----
Invocations    | 1 |  1.2
Short Blades   | 1 |  1.1
Long Blades    | 1 |  1.1
Axes           | 1 |  1.1
Maces & Flails | 1 |  1.1
Polearms       | 1 |  1.1
Staves         | 1 |  1.1
Slings         | 1 |  1.1
Crossbows      | 1 |  1.1
Throwing       | 1 |  1.1
Stealth        | 1 |  1.1
Shields        | 1 |  1.1
Evocations     | 1 |  1.1
Spellcasting   | 3 |  3.0
Fighting       | |  2.7
Bows           | |  8.5
Armour         | |  4.6
Dodging        | |  2.7
Unarmed Combat | |  2.7
Conjurations   | |  0.8
Hexes          | |  0.8
Summonings     | |  0.8
Necromancy     | |  0.8
Translocations | |  0.8
Transmutations | |  0.8
Fire Magic     | |  0.8
Ice Magic      | |  0.8
Air Magic      | |  0.8
Earth Magic    | |  0.8
Poison Magic   | |  0.8

Action                   |  1- 3 |  4- 6 || total
-------------------------+-------+-------++-------
Melee: Unarmed           |     2 |       ||     2
 Fire: Shortbow          |    96 |    18 ||   114
Throw: Boomerang         |     1 |       ||     1
  Use: Potion            |       |     5 ||     5
       Scroll            |       |     3 ||     3
Armor: Scale mail        |    13 |     7 ||    20
Dodge: Dodged            |    25 |    16 ||    41
